 Dungeon Crawl Stone Soup version 0.21.1-1-g345015f (webtiles) character file.

126 zishaf the Shooter (level 4, 0/37 HPs)
             Began as a Centaur Arcane Marksman on July 12, 2018.
             Splashed by a jelly's acid (4 damage)
             ... on level 2 of the Dungeon.
             The game lasted 00:05:27 (2277 turns).

zishaf the Shooter (Centaur Arcane Marksman)        Turns: 2277, Time: 00:05:27

Health: 0/37       AC:  0    Str: 12    XL:     4   Next: 84%
Magic:  6/6        EV:  0    Int: 16    God:
Gold:   56         SH:  0    Dex: 11    Spells: 5/6 levels left

rFire    . . .     SeeInvis .   b - +0 mace (holy)
rCold    + . .     Gourm    .   (no shield)
rNeg     . . .     Faith    .   n - +0 plate armour
rPois    .         Spirit   .   (no helmet)
rElec    .         Reflect  .   (no cloak)
rCorr    .         Harm     .   (no gloves)
MR       .....                  (no barding)
Stlth    ..........             (no amulet)
HPRegen  0.12/turn              g - +4 ring of intelligence
MPRegen  0.10/turn              m - ring of protection from cold

@: corroded, very quick
A: large, hooves 3, deformed body, speed 2, tough skin 3
a: no special abilities


You were on level 2 of the Dungeon.
You were not hungry.

You visited 1 branch of the dungeon, and saw 2 of its levels.

You collected 56 gold pieces.

Inventory:

Hand Weapons
 a - a +0 shortbow
 b - a +0 mace of holy wrath (weapon)
Missiles
 d - 38 arrows
Armour
 n - a +0 plate armour (worn)
Jewellery
 g - a +4 ring of intelligence (left hand)
 m - a ring of protection from cold (right hand)
Scrolls
 e - 4 scrolls of identify {unknown}
 k - a scroll of remove curse {unknown}
 l - a scroll of blinking {unknown}
 o - a scroll of enchant armour {unknown}
 p - a scroll of noise {unknown}
Potions
 i - a potion of curing
 j - a potion of degeneration {unknown}
Books
 c - a book of Debilitation

   Spells                             Type                      Level
   a - Corona                         Hexes                        1
   b - Slow                           Hexes                        2
   c - Inner Flame                    Hexes/Fire                   3
   d - Portal Projectile              Hexes/Translocation          3
   e - Cause Fear                     Hexes                        4
   f - Leda's Liquefaction            Hexes/Earth                  4
Comestibles
 f - 3 rations


   Skills:
 * Level 2.8 Fighting
 * Level 4.4 Bows
 + Level 0.7 Armour
 - Level 1.3 Dodging
 + Level 1.6 Spellcasting
 - Level 3.0 Hexes


You had 5 spell levels left.
You knew the following spells:

 Your Spells              Type           Power        Failure   Level  Hunger
a - Corona                Hex            ##.....      100%        1    ##.....


Dungeon Overview and Level Annotations

Branches:
Dungeon (2/15)

Altars:


Innate Abilities, Weirdness & Mutations

You have hooves in place of feet.
Armour fits poorly on your strangely shaped body.
You cover ground very quickly.
You have extremely tough skin. (AC +3)


Message History

The ooze hits you but does no damage.
You sock the ooze! You kick the ooze, but do no damage.
The ooze is severely wounded.
The ooze hits you.
You hit the ooze but do no damage. You kick the ooze, but do no damage.
The ooze is severely wounded.
The ooze hits you but does no damage. x2
You hit the ooze.
You kill the ooze!
The jelly quivers.
There is an open door here.
The jelly jiggles.
The jelly hits you but does no damage.
You hit the jelly. The acid corrodes you!
Your hands burn!
You kick the jelly.
The jelly is moderately wounded.
The jelly hits you. The acid corrodes you!
You are splashed with acid!
The acid burns!
* * * LOW HITPOINT WARNING * * *
You hit the jelly but do no damage.
Your hands burn!
You die...

.......# .......# ........
........ #....... ........
#.###### ######## #.#
##########....÷.#
..#####.(....##'@..P.P#
..#.##.......#.#J.÷.÷.#
....'........#.#÷PPPP.#
....'........#(#......#
..#.'(.....#'#.#÷.P.÷P#
###(##.....#.#.#÷.....#
###.###....#.#(#...P..#
....#########.##.....?####
..)..#
################.###


You could see a jelly.

Vanquished Creatures
  A jelly (D:2)
  An adder (D:2)
  7 oozes
  A worm (D:2)
  A dart slug (D:2)
  4 leopard geckos
  4 bats (D:1)
  7 hobgoblins
  12 kobolds
  A quokka (D:2)
  4 frilled lizards (D:1)
  7 goblins
  2 rats (D:1)
52 creatures vanquished.

Vanquished Creatures (others)
  3 fungi (D:2)
  5 toadstools (D:2)
8 creatures vanquished.

Grand Total: 60 creatures vanquished

Notes
Turn   | Place    | Note
-------+----------+-------------------------------------------
     0 | D:1      | zishaf the Centaur Arcane Marksman began the quest for the Orb.
     0 | D:1      | Reached XP level 1. HP: 16/16 MP: 2/2
    17 | D:1      | Reached skill level 3 in Bows
    82 | D:1      | Reached XP level 2. HP: 23/23 MP: 3/3
   704 | D:1      | Reached XP level 3. HP: 25/29 MP: 4/4
  1699 | D:2      | HP: 1/29 [poisoned by an adder]
  2249 | D:2      | Reached XP level 4. HP: 26/37 MP: 6/6
  2250 | D:2      | Reached skill level 4 in Bows
  2277 | D:2      | Splashed by a jelly's acid

Skill      XL: |  1  2  3  4 |
---------------+-------------+-----
Bows           | 3 4 |  4.4
Hexes          | 3 |  3.0
Fighting       | 2 |  2.8
Armour         | |  0.7
Dodging        | |  1.3
Spellcasting   | |  1.6

Action                   |  1- 3 |  4- 6 || total
-------------------------+-------+-------++-------
Melee: Mace              |   121 |    20 ||   141
       Kick              |    13 |    10 ||    23
 Fire: Shortbow          |    57 |       ||    57
  Use: Potion            |     1 |       ||     1
  Eat: Chunk             |     3 |       ||     3
Armor: Robe              |     1 |       ||     1
       Ring mail         |     8 |       ||     8
       Plate armour      |   110 |    12 ||   122
Dodge: Dodged            |    29 |     1 ||    30
